 Dungeon Crawl Stone Soup version 0.18.1-50-g88ac8fd (webtiles) character file.

18669 Amnesiac the Grand Gadgeteer (level 12, 0/61 HPs)
             Began as a Vine Stalker Artificer on July 6, 2018.
             Was the Champion of Pakellas.
             Slain by an ice beast (6 damage)
             ... summoned by an ice statue
             ... in an ice cave.
             The game lasted 00:34:28 (11263 turns).

Amnesiac the Grand Gadgeteer (VSAr)                Turns: 11263, Time: 00:34:29

Health: 0/61       AC: 15    Str: 20    XL:     12   Next: 60%
Magic:  0/31       EV: 15    Int: 12    God:    Pakellas [******]
Gold:   955        SH:  0    Dex: 14    Spells: 0 memorised, 11 levels left

rFire  + . .     SeeInvis .     a - +3 rapier (speed)
rCold  . . .     Gourm    .     U - +2 ring mail {rF+}
rNeg   . . .     Faith    .     (no shield)
rPois  +         Spirit   +     Y - +2 hat
rElec  .         Dismiss  .     C - +2 cloak
rCorr  .         Reflect  .     m - +0 pair of gloves
SustAt .         Harm     .     (no boots)
MR     +....                    j - amulet of rage
Stlth  +.........               z - ring of poison resistance
                                F - ring of magical power

@: exhausted, very slightly contaminated, slowed, very slow, somewhat resistant
to hostile enchantments, very unstealthy
A: fangs 3, regeneration 3, magic shield, antimagic bite, no device heal 3, rot
immunity
a: Quick Charge, Device Surge, Supercharge, Renounce Religion, Evoke Berserk
Rage


You were in an ice cave.
You worshipped Pakellas.
Pakellas was exalted by your worship.
You were hungry.

You visited 3 branches of the dungeon, and saw 13 of its levels.
You also visited: Ice Cave.

You collected 955 gold pieces.

Inventory:

Hand Weapons
 a - a +3 rapier of speed (weapon)
Missiles
 o - 14 curare-tipped needles
 H - 31 poisoned needles
Armour
 m - a +0 pair of gloves (worn)
 s - a +3 leather armour of positive energy
 C - a +2 cloak (worn)
 G - a +2 robe of fire resistance
 O - a +0 plate armour
 Q - a +1 leather armour of magic resistance
 U - a +2 ring mail of fire resistance (worn)
 Y - a +2 hat (worn)
Rods
 b - a +5 rod of ignition (14/14)
   (Pakellas gifted it to you on level 8 of the Dungeon)
 t - a +9 rod of shadows (16/16)
   (You acquired it on level 11 of the Dungeon)
Jewellery
 j - an amulet of rage (around neck)
 q - an uncursed ring of resist corrosion
 z - a ring of poison resistance (right hand)
 F - a ring of magical power (left hand)
 K - an uncursed amulet of magic regeneration {unknown}
Wands
 d - a wand of enslavement (14/24)
 e - a wand of random effects (15/48)
 g - a wand of confusion (20/48)
 B - a wand of iceblast (5/15)
 J - a wand of teleportation (4/9)
 P - a wand of flame (33/48)
 R - a wand of flame (27/48)
 V - a wand of acid (5/15)
 X - a wand of lightning (9/15)
 Z - a wand of polymorph (4/24)
Scrolls
 c - 3 scrolls of teleportation {!r}
 h - a scroll of amnesia {!r}
 i - a scroll of holy word {!r, unknown}
 l - a scroll of enchant armour {!r}
 n - 3 scrolls of enchant weapon {!r}
 p - 3 scrolls of fear {!r}
 w - 2 scrolls of magic mapping {!r}
 y - 3 scrolls of remove curse {!r}
 A - a scroll of blinking {!r}
Potions
 u - 5 potions of curing {!q}
 v - 3 potions of haste {!q}
 x - 3 potions of invisibility {!q}
 D - a potion of brilliance {!q, unknown}
 E - a potion of lignification {!q}
 I - 2 potions of agility {!q}
 L - a potion of cure mutation {!q}
 N - a potion of berserk rage {!q}
 T - 4 potions of magic {!q}
Miscellaneous
 M - a sack of spiders
 S - a stone of tremors
Comestibles
 f - 7 bread rations
 k - 3 chunks of flesh
 r - 5 meat rations


   Skills:
 + Level 6.0 Fighting
 - Level 8.0 Short Blades
 + Level 7.0 Armour
 + Level 7.0 Dodging
 - Level 2.0 Stealth
 * Level 12.0 Evocations


You had 11 spell levels left.
You didn't know any spells.

Dungeon Overview and Level Annotations

Branches:
Dungeon (11/15)            Temple (1/1) D:6            Lair (0/8) D:11
    Orc (1/2) D:11

Altars:
Ashenzari
Cheibriados
Dithmenos
Elyvilon
Fedhas
Gozag
Kikubaaqudgha
Makhleb
Nemelex Xobeh
Okawaru
Pakellas
Qazlal
Ru
Sif Muna
Trog
Vehumet
Xom
Yredelemnul
Zin
The Shining One
Beogh

Portals:
Trove: D:11 (give 8 potions of agility)

Annotations:
IceCv exclusion: 2 ice statues


Innate Abilities, Weirdness & Mutations

You have razor-sharp teeth.
You regenerate.
When hurt, damage is shared between your health and your magic reserves.
Your bite disrupts and absorbs the magic of your enemies.
Potions and wands cannot restore your health.
You are immune to rotting.


Message History

Okay, then.
Unknown command.
The ice statue gestures.
There is an ice covered gate leading back out of this place here.
Evoke which item? (* to show all) (? for menu, Esc to quit)
Zapping:
V - a wand of acid (9/15)
Press: ? - help, Shift-Dir - straight line, f - ice statue
Aim: an ice statue The bolt of acid hits the ice statue.
The acid corrodes the ice statue!
The ice statue is moderately damaged.
This wand has 8 charges left.
You flicker back into view.
The ice beast closely misses you.
You are feeling hungry.
The ice statue gestures.
Evoke which item? (* to show all) (? for menu, Esc to quit)
Zapping:
V - a wand of acid (8/15)
Press: ? - help, Shift-Dir - straight line, f/p - ice statue
Aim: an ice statue (moderately damaged, covered in acid)
The bolt of acid hits the ice statue.
The acid corrodes the ice statue!
The ice statue is heavily damaged.
This wand has 7 charges left.
The ice statue gestures.
The ice beast misses you. The ice beast barely misses you.
The ice statue gestures at you. The ice beast misses you.
Evoke which item? (* to show all) (? for menu, Esc to quit)
Okay, then.
The ice statue gestures at you.
The freezing blast engulfs the ice beast.
The ice beast completely resists.
The ice beast closely misses you. The ice beast misses you.
The ice beast hits you. The ice beast freezes you.
Evoke which item? (* to show all) (? for menu, Esc to quit)
Zapping:
V - a wand of acid (7/15)
Press: ? - help, Shift-Dir - straight line, f/p - ice statue
Aim: an ice statue (heavily damaged, covered in acid)
The bolt of acid hits the ice beast.
The ice beast is heavily wounded.
The bolt of acid hits the ice statue.
The acid corrodes the ice statue!
The ice statue is almost destroyed.
This wand has 6 charges left.
You are engulfed in freezing vapours.
The ice beast hits you but does no damage.
The ice statue gestures.
The ice beast hits you. The ice beast freezes you!
* * * LOW HITPOINT WARNING * * *
Unknown command.
Evoke which item? (* to show all) (? for menu, Esc to quit)
Zapping:
V - a wand of acid (6/15)
Press: ? - help, Shift-Dir - straight line, f/p - ice statue
Aim: an ice statue (almost destroyed, covered in acid)
The bolt of acid hits the ice beast.
The acid corrodes the ice beast!
You kill the ice beast!
The bolt of acid hits the ice beast.
The acid corrodes the ice beast!
The ice beast is moderately wounded.
This wand has 5 charges left.
You are engulfed in freezing vapours.
* * * LOW HITPOINT WARNING * * *
The ice beast closely misses you.
The ice statue gestures.
The ice beast completely misses you. The ice beast barely misses you.
The ice beast hits you.
* * * LOW HITPOINT WARNING * * *
The ice beast freezes you!
You die...
Pakellas says: Good help is so hard to find these days!

#######
##§....##
##@Y.∩...##
##§.Y§§....##
#.§Y.§......#
#§§§........#
#...........#
#........Y....#
#....8...8....#
#.....Y!......#
##....!.%....##


You could see 2 ice statues and 5 ice beasts.

Vanquished Creatures
  The ghost of Amnesiac the Covert, a journeyman MfFi of Pakellas (IceCv)
  Josephine (D:11)
  Erica (D:8)
  An orc high priest (Orc:1)
  The ghost of Amnesiac the Brilliant, a journeyman VSAr of Pakellas (D:11)
  Urug (Orc:1)
  An unseen horror (D:10)
  2 hill giants (D:10)
  An orc knight (Orc:1)
  An orc sorcerer (Orc:1)
  An ugly thing (D:11)
  A centaur zombie (D:9)
  The ghost of Amnesiac the Cutter, a novice VSAr of Pakellas (D:6)
  A troll (D:11)
  A queen bee (D:9)
  A merfolk (D:9)
  6 polar bears (D:7)
  4 wraiths
  A wyvern (D:11)
  5 yaks
  Eustachio (D:6)
  2 hippogriffs (D:7)
  A hungry ghost (D:7)
  Menkaure (D:6)
  A warg (Orc:1)
  Edmund (D:6)
  2 hell hounds (D:11)
  A water moccasin (D:7)
  10 orc warriors
  7 black bears (D:7)
  9 ice beasts
  2 wasps
  6 ogres
  An eye of draining (D:10)
  A phantom (D:7)
  7 centaurs
  A crocodile (D:11)
  A big kobold (D:7)
  7 giant frogs
  4 scorpions
  12 killer bees (D:9)
  A wyvern skeleton (D:9)
  An electric eel (D:10)
  6 howler monkeys
  A wasp zombie (D:8)
  4 crimson imps
  A giant frog zombie (D:7)
  3 jellies
  16 orc priests
  7 hounds
  4 iguanas
  9 orc wizards
  9 worker ants
  A sheep (D:7)
  2 hound zombies (D:6)
  A mummy (D:8)
  A worker ant zombie (D:8)
  4 gnolls (D:6)
  11 adders
  5 shadow imps
  An ooze (D:1)
  An adder zombie (D:8)
  2 worms
  2 dart slugs
  The ghost of GammafunkIsABaby the Chiller, a weakling HEIE (D:3)
  2 giant geckos
  79 orcs
  4 giant cockroaches
  6 goblins
  4 hobgoblins
  10 jackals
  10 kobolds
  4 quokkas
  3 ball pythons
  4 bats
  A giant gecko zombie (D:5)
  4 giant newts
  A jackal zombie (D:7)
  A quokka zombie (D:7)
  11 rats
  A bush (D:3)
  A plant (D:9)
351 creatures vanquished.

Vanquished Creatures (collateral kills)
  2 orcs (D:10)
  A plant (D:9)
3 creatures vanquished.

Vanquished Creatures (others)
  An orc warrior (D:10)
  2 plants (D:9)
3 creatures vanquished.

Grand Total: 357 creatures vanquished

Notes
Turn   | Place    | Note
--------------------------------------------------------------
     0 | D:1      | Amnesiac the Vine Stalker Artificer began the quest for the Orb.
     0 | D:1      | Reached XP level 1. HP: 9/9 MP: 3/3
   144 | D:2      | Reached skill level 3 in Evocations
   217 | D:3      | Reached XP level 2. HP: 13/14 MP: 2/5
   365 | D:3      | Noticed GammafunkIsABaby's ghost (weakling HEIE)
   374 | D:3      | Killed GammafunkIsABaby's ghost
   456 | D:3      | Reached XP level 3. HP: 17/17 MP: 4/6
   484 | D:4      | Reached skill level 1 in Short Blades
   484 | D:4      | Reached skill level 4 in Evocations
   567 | D:3      | Reached XP level 4. HP: 14/21 MP: 8/8
   649 | D:4      | Noticed an ogre
   663 | D:4      | Killed an ogre
   663 | D:4      | Reached XP level 5. HP: 21/25 MP: 6/9
   840 | D:3      | Found an iron altar of Okawaru.
   840 | D:3      | Found a basalt altar of Yredelemnul.
   843 | D:3      | Found a bloodstained altar of Trog.
   915 | D:4      | Gained mutation: You heal very quickly. [Vine Stalker growth]
   915 | D:4      | Reached XP level 6. HP: 28/29 MP: 6/10
  1265 | D:5      | Entered Level 5 of the Dungeon
  1303 | D:5      | Found a shimmering altar of Xom.
  1392 | D:5      | Reached skill level 5 in Short Blades
  1703 | D:5      | Reached XP level 7. HP: 31/32 MP: 11/11
  1990 | D:6      | Found a staircase to the Ecumenical Temple.
  1995 | Temple   | Entered the Ecumenical Temple
  2046 | Temple   | Became a worshipper of Pakellas the Inventive
  2095 | D:6      | Found a sparkling altar of Nemelex Xobeh.
  2149 | D:6      | Found a shadowy altar of Dithmenos.
  2859 | D:2      | Reached * piety under Pakellas
  2859 | D:2      | Received a gift from Pakellas
  2944 | D:2      | Found a stormy altar of Qazlal.
  3486 | D:2      | Found a white marble altar of Elyvilon.
  4721 | D:5      | Reached ** piety under Pakellas
  4721 | D:5      | Received a gift from Pakellas
  4756 | D:5      | Gained mutation: You have razor-sharp teeth. [Vine Stalker growth]
  4756 | D:5      | Reached XP level 8. HP: 37/37 MP: 12/12
  4770 | D:6      | Noticed Amnesiac's ghost (novice VSAr)
  5008 | D:6      | Noticed Menkaure
  5012 | D:6      | Killed Menkaure
  5012 | D:6      | Reached skill level 5 in Evocations
  5059 | D:6      | Killed Amnesiac's ghost
  5059 | D:6      | Reached skill level 6 in Evocations
  5120 | D:6      | Reached skill level 7 in Evocations
  5120 | D:6      | Reached XP level 9. HP: 40/40 MP: 15/15
  5203 | D:6      | Noticed Edmund
  5225 | D:6      | Killed Edmund
  5346 | D:6      | Noticed Eustachio
  5367 | D:6      | Killed Eustachio
  5407 | D:7      | Reached *** piety under Pakellas
  5407 | D:7      | Received a gift from Pakellas
  5411 | D:7      | Reached skill level 8 in Evocations
  5607 | D:7      | Found a huge runed gate.
  5607 | D:7      | Found a huge runed gate.
  5607 | D:7      | Found a huge runed gate.
  5607 | D:7      | Found a huge runed gate.
  5607 | D:7      | Noticed a polar bear
  5607 | D:7      | Noticed a polar bear
  5607 | D:7      | Noticed a polar bear
  5607 | D:7      | Noticed a polar bear
  5608 | D:7      | Noticed a polar bear
  5608 | D:7      | Noticed a polar bear
  5643 | D:7      | Killed a polar bear
  5654 | D:7      | Killed a polar bear
  5654 | D:7      | Reached skill level 9 in Evocations
  5672 | D:7      | Killed a polar bear
  5702 | D:7      | Reached skill level 10 in Evocations
  5708 | D:7      | Reached skill level 1 in Armour
  5708 | D:7      | Reached XP level 10. HP: 36/44 MP: 18/18
  5744 | D:7      | Reached **** piety under Pakellas
  5744 | D:7      | Received a gift from Pakellas
  5994 | D:7      | Reached skill level 1 in Fighting
  6208 | D:7      | Found a shattered altar of Ashenzari.
  6974 | D:8      | Reached skill level 5 in Dodging
  7050 | D:8      | Found a snail-covered altar of Cheibriados.
  7160 | D:8      | Noticed Erica
  7215 | D:8      | Killed Erica
  7216 | D:8      | Reached ***** piety under Pakellas
  7216 | D:8      | Received a gift from Pakellas
  7376 | D:8      | Reached XP level 11. HP: 51/52 MP: 19/19
  7452 | D:8      | Reached skill level 5 in Armour
  7582 | D:8      | Found a burning altar of Makhleb.
  8135 | D:9      | Found a glowing silver altar of Zin.
  8674 | D:10     | Entered Level 10 of the Dungeon
  8776 | D:10     | Noticed a hill giant
  8804 | D:10     | Killed a hill giant
  8872 | D:10     | Killed an unseen horror
  8924 | D:10     | Found a roughly hewn altar of Beogh.
  9418 | D:10     | Noticed a hill giant
  9450 | D:10     | Killed a hill giant
  9842 | D:11     | Identified a scroll of acquirement {!r}
  9884 | D:11     | Noticed Amnesiac's ghost (journeyman VSAr)
  9941 | D:11     | Killed Amnesiac's ghost
  9980 | D:11     | Found a staircase to the Lair.
  9997 | D:11     | Reached skill level 11 in Evocations
 10135 | D:11     | Found a portal to a secret trove of treasure.
 10248 | D:11     | Reached ****** piety under Pakellas
 10421 | D:11     | Noticed a green ugly thing
 10448 | D:11     | Killed a green ugly thing
 10660 | D:11     | Found a staircase to the Orcish Mines.
 10665 | Orc:1    | Entered Level 1 of the Orcish Mines
 10692 | Orc:1    | Reached skill level 5 in Fighting
 10729 | Orc:1    | Gained mutation: You regenerate. [Vine Stalker growth]
 10729 | Orc:1    | Reached XP level 12. HP: 60/60 MP: 21/21
 10753 | Orc:1    | Noticed an orc high priest
 10755 | Orc:1    | Killed an orc high priest
 10768 | Orc:1    | Noticed Josephine
 10836 | D:11     | Killed Josephine
 10995 | Orc:1    | Found Elonus's Gadget Shop.
 11009 | Orc:1    | Noticed Urug
 11036 | Orc:1    | Killed Urug
 11138 | Orc:1    | Found a frozen archway.
 11145 | IceCv    | Entered an ice cave
 11211 | IceCv    | Noticed Amnesiac's ghost (journeyman MfFi)
 11240 | IceCv    | Killed Amnesiac's ghost
 11240 | IceCv    | Reached skill level 12 in Evocations
 11263 | IceCv    | Slain by an ice beast

Skill      XL: |  1  2  3  4  5  6  7  8  9 10 11 12 |
---------------+-------------------------------------+-----
Evocations     | 3 4 7 10 11 12 | 12.0
Short Blades   | 1 3 4 5 7 8 |  8.0
Armour         | 1 4 6 7 |  7.0
Dodging        | 5 6 7 |  7.0
Fighting       | 3 5 6 |  6.0
Stealth        | 2 |  2.0

Action                   |  1- 3 |  4- 6 |  7- 9 | 10-12 || total
-------------------------+-------+-------+-------+-------++-------
Melee: Short sword       |    41 |   103 |   296 |       ||   440
       Bite              |     8 |    29 |   200 |   341 ||   578
       Dagger            |       |       |   160 |       ||   160
       Rapier            |       |       |    98 |   908 ||  1006
Invok: Quick Charge      |       |       |       |     6 ||     6
 Abil: Evoke Berserk Rag |     4 |     3 |     3 |     3 ||    13
Evoke: Wand              |       |       |    19 |   140 ||   159
  Use: Scroll            |       |       |       |    24 ||    24
       Potion            |       |       |       |     3 ||     3
 Stab: Sleeping          |     2 |       |     4 |       ||     6
       Confused          |       |       |    16 |    67 ||    83
       Distracted        |       |       |     1 |       ||     1
       Invisible         |       |       |       |     9 ||     9
  Eat: Chunk             |     2 |     6 |    15 |    15 ||    38
       Fruit             |       |       |       |     6 ||     6
       Beef jerky        |       |       |       |     2 ||     2
Armor: Leather armour    |     5 |    26 |   119 |   134 ||   284
       Ring mail         |       |       |       |    84 ||    84
Dodge: Dodged            |    20 |    54 |   163 |   422 ||   659
